 Dungeon Crawl Stone Soup version 0.27.1-33-g824d729ab1 (webtiles) character file.

Game seed: 16306267595349379548

242 Gabide the Poker (level 6, -1/48 HPs)
             Began as a Human Monk on Nov 26, 2021.
             Slain by a bullfrog skeleton (3 damage)
             ... on level 5 of the Dungeon.
             The game lasted 00:08:54 (4593 turns).

Gabide the Poker (Human Monk)                       Turns: 4593, Time: 00:08:54

Health: -1/48      AC:  3    Str: 11 (14) XL:     6   Next: 30%
Magic:  6/6        EV: 14    Int:  8 (10) God:
Gold:   120        SH:  0    Dex: 18 (21) Spells: 5/5 levels left

rFire    . . .     SeeInvis .   n - +1 halberd (venom)
rCold    . . .     Faith    .   (shield currently unavailable)
rNeg     . . .     Spirit   .   b - +0 robe
rPois    .         Reflect  .   (no helmet)
rElec    .         Harm     .   (no cloak)
rCorr    .         Rampage  .   c - +0 pair of gloves
Will     .....                  (no boots)
Stlth    +++.......             (no amulet)
HPRegen  0.16/turn              k - +6 ring of dexterity
MPRegen  0.10/turn              (no ring)

@: no status effects
A: no striking features
a: no special abilities


You were on level 5 of the Dungeon.
You visited 2 branches of the dungeon, and saw 6 of its levels.

You collected 120 gold pieces.

Inventory:

Hand Weapons
 a - a +2 spear
 n - a +1 halberd of venom (weapon)
Armour
 b - a +0 robe (worn)
 c - a +0 pair of gloves (worn)
Jewellery
 k - a +6 ring of dexterity (left hand)
Wands
 h - a wand of digging (8)
Scrolls
 i - a scroll of noise
 j - a scroll of identify
Potions
 e - a potion of curing {unknown}
 f - 4 potions of lignification
 g - a potion of magic {unknown}
 l - a potion of haste {unknown}
 m - a potion of heal wounds {unknown}


   Skills:
 + Level 3.8 Fighting
 + Level 4.6 Polearms
 + Level 3.8 Dodging
 + Level 3.8 Stealth


You had 5 spell levels left.
You didn't know any spells.
Your spell library contained the following spells:

 Spells                   Type           Power      Damage    Failure   Level
 Stone Arrow              Conj/Erth      0%         3d7       78%         3
 Tukima's Dance           Hex            0%         N/A       78%         3
 Animate Armour           Summ/Erth      0%         N/A       99%         4
 Passage of Golubria      Tloc           N/A        N/A       99%         4
 Yara's Violent Unravell  Hex/Tmut       0%         3d3       100%        5
 Lehudib's Crystal Spear  Conj/Erth      0%         10d2      100%        8


Dungeon Overview and Level Annotations

Branches:
Dungeon (5/15)             Temple (1/1) D:5

Altars:
Dithmenos
Elyvilon
Fedhas
Makhleb
Nemelex Xobeh
Okawaru
Qazlal
Sif Muna
Uskayaw
Vehumet
Wu Jian
Zin
The Shining One

Shops:
D:1 (


Message History

The bullfrog skeleton misses you. x2; The ogre barely misses you.
There is a staircase to the Ecumenical Temple here.
The ogre misses you.
You completely miss the centaur zombie.
The centaur zombie is heavily damaged.
The bullfrog skeleton barely misses you.
The centaur zombie hits you. The centaur zombie kicks you.
The ogre barely misses you.
The bullfrog skeleton barely misses you.
The centaur zombie hits you.
The centaur zombie completely misses you.
You puncture the centaur zombie!
The centaur zombie is almost destroyed.
The bullfrog skeleton hits you.
The centaur zombie closely misses you. x2
The ogre closely misses you. The centaur zombie hits you.
The centaur zombie barely misses you.
The bullfrog skeleton hits you but does no damage.
You slash the centaur zombie!
You destroy the centaur zombie!
The bullfrog skeleton hits you.
The ogre hits you with a +0 giant spiked club!!
* * * LOW HITPOINT WARNING * * *
Okay, then.
Unknown command.
Unknown command.
The bullfrog skeleton barely misses you.
The bullfrog skeleton hits you but does no damage.
The bullfrog skeleton hits you.
* * * LOW HITPOINT WARNING * * *
The bullfrog skeleton hits you.
* * * LOW HITPOINT WARNING * * *
The bullfrog skeleton hits you.
* * * LOW HITPOINT WARNING * * *
The bullfrog skeleton hits you.
* * * LOW HITPOINT WARNING * * *
It was a potion of degeneration.
There was something very wrong with that liquid.
You feel weakened.
You feel dopey.
You feel clumsy. The bullfrog skeleton hits you.
You die...

.≈≈≈≈§≈§..# #.####
####.... ......≈≈..#
#....## #..Z..##
...§..≈≈..#
###.##..###.##...#
PPPP..≈≈..#
#.................
...P..≈§.
##...$..≈≈≈≈≈......
#.....≈≈≈≈≈≈≈≈≈....
#...≈≈≈≈≈≈≈≈≈≈≈≈≈..
#..≈≈≈≈≈≈...≈≈≈≈≈≈.
###.@≈≈≈≈≈≈.>.≈≈≈≈≈≈.
#...Z≈≈≈≈≈≈...≈≈≈≈≈≈.
#.##.≈≈≈≈≈≈≈.≈≈≈≈≈≈≈.
#. #.O≈≈≈≈≈≈.≈≈≈≈≈≈.
# ##....≈≈≈≈.≈≈≈≈...
#.......≈≈.≈≈.....
#!...........?....
#.#.......####..?.
#.##.....## ####


You could see an ogre and a bullfrog skeleton.

Vanquished Creatures
  Edmund (D:5)
  A centaur zombie (D:5)
  4 gnolls (D:5)
  An adder (D:2)
  A worm (D:4)
  3 dart slugs
  An orc (D:3)
  3 ball pythons
  A bat (D:3)
  4 endoplasms
  A giant cockroach (D:4)
  8 goblins
  5 hobgoblins
  4 jackals (D:3)
  3 kobolds
  4 frilled lizards
  4 rats
49 creatures vanquished.

Vanquished Creatures (others)
  5 plants (D:4)
5 creatures vanquished.

Grand Total: 54 creatures vanquished

Notes
Turn   | Place    | Note
-------+----------+-------------------------------------------
     0 | D:1      | Gabide the Human Monk began the quest for the Orb.
     0 | D:1      | Reached XP level 1. HP: 18/18 MP: 1/1
   167 | D:1      | Found Lalizat's Antique Weapon Shop.
   208 | D:1      | Reached XP level 2. HP: 24/24 MP: 2/2
   715 | D:1      | Found a faded altar of an unknown god.
   936 | D:2      | Reached XP level 3. HP: 21/29 MP: 3/3
  2125 | D:3      | Reached XP level 4. HP: 33/35 MP: 4/4
  2977 | D:4      | Noticed an ogre
  3356 | D:5      | Entered Level 5 of the Dungeon
  3562 | D:5      | Reached XP level 5. HP: 40/41 MP: 5/5
  3566 | D:5      | Reached skill level 4 in Polearms
  3717 | D:5      | Noticed Edmund
  3735 | D:5      | Found a shimmering blue altar of Sif Muna.
  3740 | D:5      | Killed Edmund
  3741 | D:5      | Reached XP level 6. HP: 9/48 MP: 6/6
  3832 | D:5      | Noticed an ogre
  3878 | D:5      | Found a staircase to the Ecumenical Temple.
  3907 | Temple   | Entered the Ecumenical Temple
  4592 | D:5      | HP: 1/48 [bullfrog skeleton (2)]
  4593 | D:5      | Slain by a bullfrog skeleton

Illustrated notes

Levels and vault maps discovered:
D:1:      psy_arrival_basics, layout_loops_cross, serial_shops, shop,
          hellmonk_ecumenical_altar_run_dry, nrook_mini_backslash
D:2:      layout_basic
D:3:      layout_basic
D:4:      layout_cave_pools, serial_column_ruins, column_ruins_open_small,
          column_ruins_corridor_straight, column_ruins_columns_straight,
          column_ruins_grid_3, column_ruins_columns_dead_end,
          column_ruins_grid_1, serial_bayou_lagoon_b
D:5:      layout_loops_ring, mainiacjoe_overflow_chevrons,
          mainiacjoe_overflow_small_starburst, mainiacjoe_overflow_big_doors,
          nicolae_overflow_hidden_temple, temple_pool_b, serial_glass,
          glass_columns_a, glass_columns_c, glass_columns_b, glass_columns_c,
          nrook_mini_vaults, uniq_edmund, uniq_duvessa
Temple:   minmay_temple_forest_path

Skill      XL: |  1  2  3  4  5 |
---------------+----------------+-----
Stealth        | 3 |  3.8
Polearms       | 4 |  4.6
Fighting       | |  3.8
Dodging        | |  3.8

Action                   |  1- 3 |  4- 6 || total
-------------------------+-------+-------++-------
Melee: Spear             |   109 |    54 ||   163
       Halberd           |       |    11 ||    11
  Use: Scroll            |     5 |     3 ||     8
       Potion            |       |     2 ||     2
 Stab: Sleeping          |    10 |     2 ||    12
Armor: Robe              |     7 |     8 ||    15
       Skin              |       |    20 ||    20
Dodge: Dodged            |    34 |    58 ||    92
